 Dungeon Crawl Stone Soup version 0.27-a0-1513-g2aaa0cc67b (webtiles) character file.

Game seed: 8035477732074250241

22 blackman the Chopper (level 3, 29/29 HPs)
             Began as a Human Monk on July 9, 2021.
             Was a Believer of Nemelex Xobeh.
             Quit the game on level 1 of the Dungeon.
             The game lasted 00:01:26 (1106 turns).

blackman the Chopper (Human Monk)                   Turns: 1106, Time: 00:01:26

Health: 29/29      AC:  2    Str: 12    XL:     3   Next: 7%
Magic:  3/3        EV: 13    Int: 10    God:    Nemelex Xobeh [**....]
Gold:   17         SH:  0    Dex: 15    Spells: 2/2 levels left

rFire    . . .     SeeInvis .   a - +0 hand axe
rCold    . . .     Faith    .   (no shield)
rNeg     . . .     Spirit   .   b - +0 robe
rPois    .         Reflect  .   (no helmet)
rElec    .         Harm     .   (no cloak)
rCorr    .         Rampage  .   (no gloves)
Will     .....                  (no boots)
Stlth    ++........             (no amulet)
HPRegen  0.09/turn              (no ring)
MPRegen  0.08/turn              (no ring)

@: no status effects
A: no striking features
a: Renounce Religion, Draw Escape, Draw Destruction, Draw Summoning


You were on level 1 of the Dungeon.
You worshipped Nemelex Xobeh.
Nemelex Xobeh was pleased with you.
You visited 1 branch of the dungeon, and saw 1 of its levels.

You collected 17 gold pieces.

Inventory:

Hand Weapons
 a - a +0 hand axe (weapon)
Armour
 b - a +0 robe (worn)
Scrolls
 c - a scroll of summoning {unknown}
 d - a scroll of immolation {unknown}
 f - a scroll of noise {unknown}
 g - a scroll of enchant weapon {unknown}
 h - a scroll of identify {unknown}
Potions
 e - a potion of haste {unknown}


   Skills:
 + Level 3.3 Fighting
 + Level 3.4 Axes
 + Level 1.2 Armour
 - Level 3.0 Dodging
 - Level 2.0 Stealth


You had 2 spell levels left.
You didn't know any spells.
Your spell library was empty.

Dungeon Overview and Level Annotations

Branches:
Dungeon (1/15)

Altars:
Nemelex Xobeh


Message History

The goblin hits you with a +0 club.
You barely miss the goblin.
The goblin is moderately wounded.
The goblin hits you but does no damage.
You hit the goblin.
The goblin is severely wounded.
The goblin barely misses you.
A goblin is nearby!
You closely miss the goblin.
The goblin is severely wounded.
The goblin misses you. The goblin barely misses you.
You hit the goblin.
You kill the goblin!
Things that are here:
a +0 club; a goblin corpse No target in view!
Key pressed, stopping explore.
g - a scroll labelled NAWIDIEWIF
Found 24 stones.
You see here a +0 dagger.
You see here a +0 club.
h - a scroll labelled JYHOCEIMIRR Cleave: a) +0 hand axe
Press: ? - help, Dir - move target There's something in the way.
You open the door.
Found two gnoll skeletons.
There is an open door here.
You open the door.
Found a faded altar of an unknown god.
There is an open door here.
There is a faded altar of an unknown god here.
You cannot tell which god this altar belongs to.
Convert to them anyway?
Nemelex Xobeh accepts your prayer! Nemelex Xobeh welcomes you!
Nemelex will now gift you decks of power as you gain piety.
Nemelex Xobeh deals you some cards!
You now have 3 escape cards, 4 destruction cards and 2 summoning cards.
You can now draw from decks of power.
Are you sure you want to abandon this character and quit the game? (Confirm with "yes".)

#.♣♣#.....#♣♣........#
#.♣÷#..8..#÷♣........#
#.♣♣#.....#♣♣........#
#.♣P###'###♣♣..#######
#.♣♣PPP.PPPP♣..#
#.♣♣PPP.P♣P♣♣..#
#..♣♣PP.P.♣♣...#
##..♣♣P..♣♣....#
##..♣♣@♣♣....##
##..♣♣♣....##
##.....#### #######


There were no monsters in sight!

Vanquished Creatures
  2 dart slugs (D:1)
  3 ball pythons (D:1)
  An endoplasm (D:1)
  2 giant cockroaches (D:1)
  3 goblins (D:1)
  A hobgoblin (D:1)
  A kobold (D:1)
  2 bats (D:1)
  A rat (D:1)
16 creatures vanquished.

Notes
Turn   | Place    | Note
-------+----------+-------------------------------------------
     0 | D:1      | blackman the Human Monk began the quest for the Orb.
     0 | D:1      | Reached XP level 1. HP: 18/18 MP: 1/1
   208 | D:1      | Reached XP level 2. HP: 15/24 MP: 2/2
   501 | D:1      | Reached skill level 1 in Armour
   718 | D:1      | Reached XP level 3. HP: 20/29 MP: 3/3
  1098 | D:1      | Found a faded altar of an unknown god.
  1105 | D:1      | Became a worshipper of Nemelex Xobeh the Trickster
  1105 | D:1      | Reached * piety under Nemelex Xobeh
  1105 | D:1      | Received a gift from Nemelex Xobeh
  1105 | D:1      | Reached ** piety under Nemelex Xobeh
  1106 | D:1      | Quit the game

Illustrated notes

Levels and vault maps discovered:
D:1:      dpeg_arrival_connections, layout_basic,
          dilly_ecumenical_altar_fadedgnrine

Skill      XL: |  1  2 |
---------------+-------+-----
Armour         | 1 |  1.2
Fighting       | |  3.3
Axes           | |  3.4
Dodging        | |  3.0
Stealth        | |  2.0

Action                   || total
-------------------------++-------
Melee: Hand axe          ||    49
 Stab: Sleeping          ||     2
Armor: Robe              ||    13
Dodge: Dodged            ||    31

Table legend: (Time is in decaauts)
 A = Elapsed time spent in this place.
 B = Non-inter-level travel time spent in this place.
 C = Inter-level travel time spent in this place.
 D = Time resting spent in this place.
 E = Time spent auto-exploring this place.
 F = Levels seen in this place.
 G = Mean time per level.
                   A        B        C        D        E       F      G
               +--------+--------+--------+--------+--------+-----+--------+
         Total |   1113 |   1113 |      0 |      0 |    945 |   1 | 1113.0 |
       Dungeon |   1113 |   1113 |      0 |      0 |    945 |   1 | 1113.0 |
               +--------+--------+--------+--------+--------+-----+--------+

Top non-repeatable levels by time:
     D:1: 1113 daAuts
